 Dungeon Crawl Stone Soup version 0.20.1-1-g8b1a95d (webtiles) character file.

1624 homeworkjunkie the Cleaver (level 8, -7/70 HPs)
             Began as a Hill Orc Fighter on Nov 10, 2017.
             Was a Believer of Okawaru.
             Killed from afar by an electric eel (12 damage)
             ... with a bolt of electricity
             ... on level 6 of the Dungeon.
             The game lasted 00:10:28 (5688 turns).

homeworkjunkie the Cleaver (Hill Orc Fighter)       Turns: 5688, Time: 00:10:28

Health: -7/70      AC: 14    Str: 20    XL:     8   Next: 97%
Magic:  8/8        EV:  0    Int:  8    God:    Okawaru [**....]
Gold:   311        SH: 10    Dex: 11    Spells: 7/7 levels left

rFire    . . .     SeeInvis .   a - +2 war axe (flame)
rCold    . . .     Gourm    +   c - +0 shield
rNeg     . . .     Faith    .   p - +0 chain mail
rPois    +         Spirit   .   o - +1 helmet
rElec    .         Reflect  .   j - +1 cloak {rPois}
rCorr    .         Harm     .   (no gloves)
MR       .....                  (no boots)
Stlth    ..........             l - amulet of the gourmand
Regen    0.3/turn               s - ring of flight
MPRegen  0.2/turn               r - -6 ring of evasion (curse)

@: no status effects
A: no striking features
a: Heroism, Renounce Religion, Evoke Flight


You were on level 6 of the Dungeon.
You worshipped Okawaru.
Okawaru was pleased with you.
You were not hungry.

You visited 1 branch of the dungeon, and saw 7 of its levels.

You collected 311 gold pieces.

Inventory:

Hand Weapons
 a - a +2 war axe of flaming (weapon)
Armour
 c - a +0 shield (worn)
 j - a +1 cloak of poison resistance (worn)
 o - a +1 helmet (worn)
 p - a +0 chain mail (worn)
Jewellery
 i - an uncursed amulet of magic regeneration
 l - an amulet of the gourmand (around neck)
 r - a cursed -6 ring of evasion (right hand)
 s - a ring of flight (left hand)
Wands
 v - a wand of confusion (2/48)
Scrolls
 e - a scroll of magic mapping
 n - a scroll of immolation
 t - 3 scrolls of fog
Potions
 b - a potion of curing {unknown}
 d - a potion of agility {unknown}
 g - 3 potions of brilliance
 k - a potion of flight
 m - a potion of berserk rage
 q - a potion of lignification
Comestibles
 f - 3 bread rations
 h - 2 meat rations


   Skills:
 * Level 6.2 Fighting
 * Level 9.7 Axes
 * Level 6.3 Armour
 + Level 1.4 Dodging
 + Level 0.3 Stealth
 * Level 5.9 Shields
 + Level 0.4 Evocations


You had 7 spell levels left.
You didn't know any spells.

Dungeon Overview and Level Annotations

Branches:
Dungeon (7/15)
 Temple: D:4-7

Altars:
Dithmenos
Hepliaklqana
Nemelex Xobeh
Okawaru
Sif Muna
The Shining One


Message History

The electric eel completely resists.
You are too injured to fight recklessly!
You hit the electric eel. You burn the electric eel.
The electric eel is heavily wounded.
You closely miss the electric eel.
The electric eel is heavily wounded.
The electric eel shoots out a bolt of lightning at you!
The bolt of electricity hits you!
* * * LOW HITPOINT WARNING * * *
The bolt of electricity hits you!
* * * LOW HITPOINT WARNING * * *
The bolt of electricity hits the electric eel.
The electric eel completely resists.
Okay, then.
The electric eel shoots out a bolt of lightning at you!
The bolt of electricity hits you!
* * * LOW HITPOINT WARNING * * *
The electric eel shoots out a bolt of lightning at you!
The bolt of electricity hits you!
You die...

..P≈≈≈≈.# .#
..P≈≈≈≈.# #.#
..P≈≈≈..# #.#
.P≈≈≈≈≈.# #.#
.≈≈P≈P..# #.#
..≈≈≈≈..###.#
#.≈≈≈P≈..##.#
#..≈≈≈...@..#
#..≈≈≈;.###.#
..≈≈≈≈... #.#.#
..
.≈≈≈≈P≈≈.##.#.#
..
.≈≈≈≈≈≈..##.#[#
(⌠
.≈P≈≈≈≈.....#.##(
.≈≈≈≈≈≈≈≈...#.#[
..≈≈≈≈≈≈≈.#.#.#
PP≈≈≈P≈...#.#


You could see an electric eel.

Vanquished Creatures
  Pikel (D:5)
  Sigmund (D:2)
  Duvessa (D:5)
  An ogre (D:5)
  A centaur (D:5)
  Dowan (D:5)
  A scorpion (D:6)
  An electric eel (D:6)
  A crimson imp (D:6)
  A bullfrog zombie (D:5)
  A hound (D:6)
  2 orc wizards (D:4)
  Crazy Yiuf (D:6)
  Ijyb (D:5)
  A gnoll shaman (D:4)
  2 iguanas
  Natasha (twice) (D:2)
  Terence (D:2)
  A worker ant (D:5)
  7 adders
  4 gnolls (D:4)
  2 shadow imps
  2 worms (D:2)
  4 dart slugs
  6 leopard geckos
  14 orcs
  A ball python (D:5)
  5 giant cockroaches
  9 goblins
  12 hobgoblins
  3 quokkas
  4 bats
  3 frilled lizards
  5 kobolds
  6 rats
109 creatures vanquished.

Vanquished Creatures (others)
  An orc wizard (D:4)
  A worker ant zombie (D:5)
  A worm (D:5)
  2 plants (D:5)
5 creatures vanquished.

Grand Total: 114 creatures vanquished

Notes
Turn   | Place    | Note
-------+----------+-------------------------------------------
     0 | D:1      | homeworkjunkie the Hill Orc Fighter began the quest for the Orb.
     0 | D:1      | Reached XP level 1. HP: 19/19 MP: 1/1
   119 | D:1      | Reached XP level 2. HP: 27/27 MP: 2/2
   439 | D:1      | Reached skill level 3 in Axes
   695 | D:2      | Reached XP level 3. HP: 27/33 MP: 3/3
   996 | D:4      | Reached skill level 4 in Axes
   996 | D:4      | Reached XP level 4. HP: 27/40 MP: 4/4
  1174 | D:2      | Noticed Natasha
  1196 | D:2      | Killed Natasha
  1402 | D:3      | Reached XP level 5. HP: 44/46 MP: 5/5
  1693 | D:2      | Found a glowing golden altar of the Shining One.
  1924 | D:1      | Reached skill level 5 in Axes
  1974 | D:2      | Noticed Terence
  1982 | D:2      | Killed Terence
  2104 | D:2      | Noticed Natasha
  2112 | D:2      | Killed Natasha
  2240 | D:2      | Noticed Sigmund
  2250 | D:2      | Killed Sigmund
  2250 | D:2      | Reached skill level 6 in Axes
  2250 | D:2      | Reached skill level 1 in Dodging
  2250 | D:2      | Reached XP level 6. HP: 38/53 MP: 6/6
  2884 | D:5      | Entered Level 5 of the Dungeon
  2884 | D:5      | Found a shadowy altar of Dithmenos.
  3025 | D:4      | Reached XP level 7. HP: 60/60 MP: 7/7
  3239 | D:4      | Found an iron altar of Okawaru.
  3246 | D:4      | Became a worshipper of Warmaster Okawaru
  3300 | D:4      | Reached skill level 5 in Armour
  3447 | D:4      | Found a deep blue altar of Sif Muna.
  3532 | D:5      | Noticed Ijyb
  3883 | D:5      | Reached skill level 7 in Axes
  4209 | D:5      | Reached skill level 5 in Fighting
  4307 | D:5      | Killed Ijyb
  4390 | D:5      | Reached skill level 8 in Axes
  4390 | D:5      | Reached skill level 5 in Shields
  4390 | D:5      | Reached XP level 8. HP: 69/69 MP: 8/8
  4398 | D:5      | Noticed Dowan
  4401 | D:5      | Noticed Duvessa
  4405 | D:5      | Noticed Pikel
  4446 | D:5      | Killed Duvessa
  4446 | D:5      | Reached * piety under Okawaru
  4474 | D:5      | Killed Dowan
  4482 | D:5      | Killed Pikel
  4482 | D:5      | Reached ** piety under Okawaru
  4482 | D:5      | Reached skill level 9 in Axes
  5091 | D:6      | Found a runed door.
  5095 | D:6      | Noticed Crazy Yiuf
  5101 | D:6      | Killed Crazy Yiuf
  5263 | D:6      | Found a hazy altar of Hepliaklqana.
  5263 | D:6      | Found an iron altar of Okawaru.
  5320 | D:6      | Found a sparkling altar of Nemelex Xobeh.
  5688 | D:6      | Killed from afar by an electric eel

Skill      XL: |  1  2  3  4  5  6  7  8 |
---------------+-------------------------+-----
Axes           | 3 4 6 8 9 |  9.7
Fighting       | 4 5 6 |  6.2
Armour         | 4 5 6 |  6.3
Shields        | 4 5 |  5.9
Dodging        | 1 |  1.4
Stealth        | |  0.3
Evocations     | |  0.4

Action                   |  1- 3 |  4- 6 |  7- 9 || total
-------------------------+-------+-------+-------++-------
Melee: War axe           |   110 |   157 |   181 ||   448
Evoke: Wand              |       |       |     3 ||     3
  Use: Scroll            |     3 |     8 |     7 ||    18
       Potion            |       |     1 |     3 ||     4
  Eat: Bread ration      |     1 |       |       ||     1
       Chunk             |       |     3 |       ||     3
       Royal jelly       |       |     2 |       ||     2
       Fruit             |       |     1 |     2 ||     3
       Meat ration       |       |       |     1 ||     1
Armor: Scale mail        |    46 |    38 |       ||    84
       Chain mail        |       |    34 |   120 ||   154
Dodge: Dodged            |    23 |    38 |     3 ||    64
Block: Shield            |    43 |    65 |    73 ||   181
